 Dungeon Crawl Stone Soup version 0.17.1-2-g5865329 (webtiles) character file.

453 PossumBlood the Archer (level 6, -2/39 HPs)
             Began as a High Elf Hunter on Jan 23, 2016.
             Slain by an ogre
             ... wielding a +0 giant club
              (23 damage)
             ... on level 4 of the Dungeon.
             The game lasted 00:09:49 (2748 turns).

PossumBlood the Archer (High Elf Hunter)            Turns: 2748, Time: 00:09:50

Health: -2/39      AC:  5    Str: 11    XL:     6   Next: 75%
Magic:  7/7        EV: 12    Int: 15    God:
Gold:   141        SH:  0    Dex: 18    Spells: 0 memorised, 5 levels left

rFire  . . .     SeeInvis .     a - +1 shortbow
rCold  . . .     Clarity  .     c - +0 leather armour
rNeg   . . .     SustAt   +     (shield currently unavailable)
rPois  .         Gourm    .     (no helmet)
rElec  .         Spirit   .     t - +0 cloak {MR+}
rCorr  .         Warding  .     (no gloves)
rMut   .         Stasis   .     s - +0 pair of boots
MR     ++...                    h - amulet of rage
Stlth  ++........               o - ring of protection from magic
                                p - ring of sustain attributes

@: very resistant to hostile enchantments, unstealthy
A: no striking features
a: Evoke Berserk Rage


You were on level 4 of the Dungeon.
You were not hungry.

You visited 1 branch of the dungeon, and saw 4 of its levels.

You collected 141 gold pieces.

Inventory:

Hand Weapons
 a - a +1 shortbow (weapon)
 b - a +0 short sword
 u - a +2 quarterstaff of chaos
Missiles
 m - 10 arrows of frost
 q - 15 arrows (quivered)
Armour
 c - a +0 leather armour (worn)
 s - a +0 pair of boots (worn)
 t - a +0 cloak of magic resistance (worn)
Jewellery
 g - an uncursed ring of ice
 h - an amulet of rage (around neck)
 j - an uncursed ring of ice
 n - an uncursed ring of flight
 o - a ring of protection from magic (right hand)
 p - a ring of sustain attributes (left hand)
 r - an uncursed ring of protection from fire
Scrolls
 f - a scroll of teleportation
Potions
 d - a potion of mutation
 e - a potion of curing
 k - a potion of lignification
 l - 2 potions of ambrosia
Comestibles
 v - a bread ration


   Skills:
 - Level 2.0 Fighting
 + Level 10.6 Bows
 - Level 2.1 Dodging
 - Level 1.1 Stealth


You had 5 spell levels left.
You didn't know any spells.

Dungeon Overview and Level Annotations

Branches:
Dungeon (4/15)
 Temple: D:4-7

Altars:


Message History

Firing (i - inventory. (,) - cycle):
q - 18 arrows (quivered)
Press: ? - help, Shift-Dir - straight line, f/p - ogre
Aim: an ogre, wielding a giant club (moderately wounded)
You shoot an arrow.
The arrow hits the ogre but does no damage.
The ogre is moderately wounded.
Firing (i - inventory. (,) - cycle):
q - 17 arrows (quivered)
Press: ? - help, Shift-Dir - straight line, f/p - ogre
Aim: an ogre, wielding a giant club (moderately wounded)
You shoot an arrow. The arrow hits the ogre.
The ogre is heavily wounded.
The ogre hits you with a giant club.
Firing (i - inventory. (,) - cycle):
q - 16 arrows (quivered)
Press: ? - help, Shift-Dir - straight line, f/p - ogre
Aim: an ogre, wielding a giant club (heavily wounded)
You shoot an arrow. The arrow hits the ogre.
The ogre is severely wounded.
The ogre hits you with a giant club!!
Ouch! That really hurt!
You die...

##### ##...##
##.###.#########
##.## ##.......<.
#.## ##.####### #
#.# #.......#.#
#.##
##.#.###.#.#######
##.## ##.##.#
#.O......?.
##.###.###.###@##
#?## ##...##
#).....## #.PP.
##..#
######..##.≈≈≈P
#..# ##.#PP≈♣
##..# #.P.≈P♣
#...# #.P.P♣♣
#.#.# ##P.≈≈♣
#.#.# #.P≈♣ #.#.#
#≈≈♣


You could see an ogre.

Vanquished Creatures
  Sigmund (D:3)
  A phantom (D:4)
  Crazy Yiuf (D:3)
  Jessica (D:3)
  A worker ant (D:3)
  4 gnolls (D:2)
  2 adders
  2 oozes (D:2)
  6 giant geckos
  5 giant cockroaches
  4 goblins
  8 hobgoblins
  7 kobolds
  2 quokkas (D:2)
  A ball python (D:3)
  4 bats (D:1)
  10 giant newts
  7 rats
  A fungus (D:3)
68 creatures vanquished.

Notes
Turn   | Place    | Note
--------------------------------------------------------------
     0 | D:1      | PossumBlood the High Elf Hunter began the quest for the Orb.
     0 | D:1      | Reached XP level 1. HP: 14/14 MP: 2/2
   147 | D:1      | Reached XP level 2. HP: 19/19 MP: 3/3
   156 | D:1      | Reached skill level 6 in Bows
   645 | D:2      | Reached XP level 3. HP: 24/24 MP: 4/4
   712 | D:2      | Reached skill level 7 in Bows
   728 | D:2      | HP: 1/24 [gnoll/spear of piercing (3)]
   729 | D:2      | Reached XP level 4. HP: 1/29 MP: 5/5
  1723 | D:2      | Reached skill level 8 in Bows
  2013 | D:3      | Reached XP level 5. HP: 34/34 MP: 6/6
  2023 | D:3      | Noticed Sigmund
  2036 | D:3      | Killed Sigmund
  2036 | D:3      | Reached skill level 9 in Bows
  2036 | D:3      | Reached XP level 6. HP: 28/39 MP: 7/7
  2225 | D:3      | Noticed Jessica
  2231 | D:3      | Killed Jessica
  2231 | D:3      | Reached skill level 10 in Bows
  2507 | D:3      | Noticed Crazy Yiuf
  2514 | D:3      | Killed Crazy Yiuf
  2748 | D:4      | Slain by an ogre

Action                   |  1- 3 |  4- 6 || total
-------------------------+-------+-------++-------
Melee: Short sword       |       |    21 ||    21
 Fire: Shortbow          |    77 |   132 ||   209
  Use: Scroll            |       |    12 ||    12
  Eat: Pizza             |       |     2 ||     2
       Bread ration      |       |     1 ||     1
